 Dungeon Crawl Stone Soup version 0.29.1-2-gbd0b4ee654 (webtiles) character file.

Game seed: 5706118045737807502

7 wingedge the Vexing (level 1, 0/14 HPs)
             Began as a Demigod Enchanter on Nov 14, 2022.
             Slain by a kobold
             ... wielding a +0 dagger
              (2 damage)
             ... on level 1 of the Dungeon.
             The game lasted 00:01:58 (866 turns).

wingedge the Vexing (Demigod Enchanter)              Turns: 866, Time: 00:01:58

Health: 0/14       AC:  2    Str:  9    XL:     1   Next: 66%
Magic:  5/5        EV: 12    Int: 17    God:
Gold:   0          SH:  0    Dex: 14    Spells: 3/3 levels left

rFire   . . .      SeeInvis .   a - +1 dagger
rCold   . . .      Faith    .   (no shield)
rNeg    . . .      Spirit   .   b - +0 robe
rPois   .          Reflect  .   (no helmet)
rElec   .          Harm     .   (no cloak)
rCorr   .          Rampage  .   (no gloves)
Will    .....                   (no boots)
Stlth   ++........              (no amulet)
HPRegen 0.04/turn               (no ring)
MPRegen 0.09/turn               (no ring)

@: no status effects
A: high MP 1, forlorn, divine attributes
a: no special abilities


You were on level 1 of the Dungeon.
You visited 1 branch of the dungeon, and saw 1 of its levels.

Inventory:

Hand Weapons
 a - a +1 dagger (weapon)
Armour
 b - a +0 robe (worn)
Jewellery
 d - a ring of fire
Potions
 c - 2 potions of invisibility
 e - a potion of cancellation {unknown}


   Skills:
 - Level 1.0 Short Blades
 - Level 2.0 Dodging
 - Level 2.6 Stealth
 - Level 1.7 Spellcasting
 + Level 2.8 Hexes
 + Level 0.5 Ice Magic


You had 3 spell levels left.
You didn't know any spells.
Your spell library contained the following spells:

 Spells                   Type           Power      Damage    Failure   Level
 Ensorcelled Hibernation  Hex/Ice        14%        N/A       16%         2
 Confusing Touch          Hex            11%        N/A       19%         3
 Tukima's Dance           Hex            11%        N/A       19%         3
 Dazzling Flash           Conj/Hex       12%        N/A       32%         3


Dungeon Overview and Level Annotations

Branches:
Dungeon (1/15)


Innate Abilities, Weirdness & Mutations

You have an increased reservoir of magic. (+10% MP)
You shall have no god before yourself.
Your divine heritage dramatically boosts your attributes as you level up.


Message History

You hit the endoplasm.
The endoplasm is lightly wounded.
The endoplasm freezes you.
You are frozen.
You hit the endoplasm.
The endoplasm is heavily wounded.
The endoplasm completely misses you.
You hit the endoplasm.
The endoplasm is almost dead.
The endoplasm hits you.
* * * LOW HITPOINT WARNING * * *
You hit the endoplasm.
You kill the endoplasm!
You start resting.
A kobold comes into view. It is wielding a +0 dagger.
You start resting.
HP restored.
You see here a +0 club.
The kobold shouts!
You hear a shout!
A rat comes into view.
You hit the kobold but do no damage. The kobold hits you with a +0 dagger.
You hit the kobold but do no damage. The kobold barely misses you.
You hit the kobold but do no damage. The kobold hits you with a +0 dagger.
A gnoll comes into view. It is wielding a +0 flail.
You hit the kobold but do no damage. The kobold closely misses you.
You hit the kobold.
The kobold is moderately wounded.
The kobold hits you with a +0 dagger.
You hit the kobold but do no damage.
The kobold is moderately wounded.
The kobold hits you with a +0 dagger.
You hit the kobold but do no damage.
The kobold is moderately wounded.
The kobold hits you but does no damage.
You hit the kobold but do no damage. The kobold hits you with a +0 dagger.
* * * LOW HITPOINT WARNING * * *
You hit the kobold.
The kobold is heavily wounded.
The kobold hits you with a +0 dagger.
You die...

# ############
###...##.....#
..~.♣.##.....#
≈.....'......#
~≈..~.'......##
≈≈~~~.##......###
..~...##........####
~.~...##.....##.@Kr###
########.....#####...#
#.............#
#.....###.....#
...##.###.........
.#####.##............
#.##............
..............
.#..........>..


You could see a kobold and a rat.

Vanquished Creatures
  A ball python (D:1)
  An endoplasm (D:1)
  A goblin (D:1)
  2 hobgoblins (D:1)
5 creatures vanquished.

Vanquished Creatures (others)
  4 fungi (D:1)
  19 plants (D:1)
23 creatures vanquished.

Grand Total: 28 creatures vanquished

Notes
Turn   | Place    | Note
-------+----------+-------------------------------------------
     0 | D:1      | wingedge the Demigod Enchanter began the quest for the Orb.
     0 | D:1      | Reached XP level 1. HP: 14/14 MP: 5/5
    46 | D:1      | Reached skill level 1 in Short Blades
   866 | D:1      | Slain by a kobold

Illustrated notes

Levels and vault maps discovered:
D:1:      lightli_arrival_windingriver, layout_rooms,
          dreamdust_ecumenical_altar_hidden_monk_grotto, serial_forest,
          infiniplex_forest_clump_small, infiniplex_forest_straight_2,
          infiniplex_forest_lined_ring, infiniplex_forest_lined_3,
          infiniplex_forest_zigzag_2, infiniplex_forest_straight_1,
          infiniplex_forest_split, infiniplex_forest_end_1,
          nicolae_grassy_gnolls

Skill      XL: |  1 |
---------------+----+-----
Short Blades   | 1 |  1.0
Dodging        | 2 |  2.0
Stealth        | |  2.6
Spellcasting   | |  1.7
Hexes          | |  2.8
Ice Magic      | |  0.5

Action                   || total
-------------------------++-------
Melee: Dagger            ||    35
       Punch             ||     1
Armor: Robe              ||     1
Dodge: Dodged            ||    10
